 Dungeon Crawl Stone Soup version 0.30-a0-983-g7e3032bf44 (webtiles) character file.

Game seed: 14442717217920491137

12793 Bnni the Geomancer (level 12, -2/93 HPs)
             Began as a Formicid Earth Elementalist on Apr 1, 2023.
             Was a High Priest of Cheibriados.
             Slain by a komodo dragon (21 damage)
             ... on level 11 of the Dungeon.
             The game lasted 00:25:46 (10225 turns).

Bnni the Geomancer (Formicid Earth Elementalist)   Turns: 10225, Time: 00:25:46

Health: -2/93      AC:  6    Str: 31    XL:     12   Next: 24%
Magic:  3/24       EV: 11    Int: 31    God:    Cheibriados [*****.]
Gold:   888        SH: 12    Dex: 25    Spells: 10/27 levels left

rFire   + + .      SeeInvis +    t - +2 whip of Midwinter {venom, rPois rF+ rCorr SInv}
rCold   . . .      Faith    .    H - +0 kite shield
rNeg    + + +      Spirit   .    p - +1 leather armour of Fallacy {Fly rElec rN+++ Int-5}
rPois   +          Reflect  .    (helmet unavailable)
rElec   +          Rampage  .    G - +0 cloak
rCorr   +                        r - +0 pair of gloves
Will    +....                    (no boots)
Stlth   +++                      e - amulet of regeneration
HPRegen 1.15/turn                d - +6 ring of intelligence
MPRegen 0.19/turn                y - ring of Wauntoin {rF+ Str+6}

@: flying, very slow
A: permanent stasis, dig shafts and tunnels, antennae 3, four strong arms
a: Dig, Shaft Self, Renounce Religion, Bend Time, Temporal Distortion, Slouch,
Step From Time


You were on level 11 of the Dungeon.
You worshipped Cheibriados.
Cheibriados was extremely pleased with you.
You visited 1 branch of the dungeon, and saw 11 of its levels.

You collected 888 gold pieces.

Inventory:

Hand Weapons
 t - the +2 whip of Midwinter (weapon) {venom, rPois rF+ rCorr SInv}
   (You found it on level 4 of the Dungeon)

   rF:        It protects you from fire.
   rPois:     It protects you from poison.
   SInv:      It lets you see invisible.
   rCorr:     It protects you from acid and corrosion.
 L - a +3 scimitar of flaming
Missiles
 D - 2 curare-tipped darts
Armour
 o - a +0 plate armour
 p - the +1 leather armour of Fallacy (worn) {Fly rElec rN+++ Int-5}
   (You found it on level 2 of the Dungeon)

   Int:       It affects your intelligence (-5).
   rElec:     It insulates you from electricity.
   rN:        It renders you almost immune to negative energy.
   Fly:       It grants you flight.
 r - a +0 pair of gloves (worn)
 A - a +3 leather armour of fire resistance
 G - a +0 cloak (worn)
 H - a +0 kite shield (worn)
Jewellery
 a - a ring of protection from fire
 d - a +6 ring of intelligence (left hand)
 e - an amulet of regeneration (around neck)
 y - the ring of Wauntoin (right hand) {rF+ Str+6}
   (You found it on level 5 of the Dungeon)

   [ring of strength]

   Str:       It affects your strength (+6).
   rF:        It protects you from fire.
Wands
 j - a wand of mindburst (16)
 q - a wand of roots (8)
 K - a wand of flame (20)
 M - a wand of paralysis (7)
Scrolls
 f - 3 scrolls of enchant armour
 g - 7 scrolls of teleportation {unknown}
 h - 2 scrolls of vulnerability {unknown}
 i - 4 scrolls of magic mapping {unknown}
 l - 3 scrolls of torment {unknown}
 n - 3 scrolls of poison
 u - a scroll of enchant weapon {unknown}
 v - a scroll of fog {unknown}
 B - a scroll of amnesia {unknown}
 E - 2 scrolls of fear {unknown}
 I - a scroll of blinking {unknown}
Potions
 b - 3 potions of magic
 c - 4 potions of lignification
 k - 2 potions of flight
 m - 3 potions of resistance
 s - 3 potions of mutation
 w - a potion of attraction
 x - 3 potions of curing
 z - a potion of might {unknown}
 C - 2 potions of brilliance
 F - a potion of ambrosia
 J - 2 potions of cancellation


   Skills:
 + Level 8.2 Fighting
 + Level 2.8 Armour
 - Level 1.7 Dodging
 - Level 2.4 Stealth
 + Level 5.8 Shields
 - Level 8.0 Spellcasting
 - Level 3.0 Conjurations
 - Level 5.0 Necromancy
 - Level 5.0 Transmutations
 * Level 13.3 Earth Magic
 + Level 7.2 Invocations


You had 10 spell levels left.
You knew the following spells:

 Your Spells              Type           Power      Damage    Failure   Level
a - Sandblast             Erth           100%       2d20      1%          1
b - Passwall              Tmut/Erth      51%        N/A       1%          2
c - Stone Arrow           Conj/Erth      100%       3d13      1%          3
d - Petrify               Tmut/Erth      62%        N/A       2%          4
k - Irradiate             Conj/Tmut      18%        3d17      45%         5
s - Sublimation of Blood  Necr           43%        N/A       1%          2

Your spell library contained the following spells:

 Spells                   Type           Power      Damage    Failure   Level
 Beastly Appendage        Tmut           86%        N/A       1%          1
 Necrotise                Necr           100%       1d9       1%          1
 Wereblood                Tmut           43%        N/A       1%          2
 Vampiric Draining        Necr           43%        2d9       3%          3
 Momentum Strike          Conj/Tloc      42%        3d9       8%          2
 Apportation              Tloc           24%        N/A       10%         1
 Spider Form              Tmut/Pois      27%        N/A       11%         3
 Lesser Beckoning         Tloc           24%        N/A       14%         2
 Hailstorm                Conj/Ice       21%        3d6       16%         3
 Frozen Ramparts          Ice            24%        1d4       28%         3
 Ice Form                 Ice/Tmut       27%        N/A       34%         4
 Agony                    Necr           43%        N/A       34%         5
 Cause Fear               Hex            6%         N/A       67%         4
 Summon Ice Beast         Ice/Summ       12%        N/A       67%         4
 Alistair's Intoxication  Tmut/Pois      18%        N/A       67%         5
 Simulacrum               Ice/Necr       13%        N/A       99%         6
 Dragon Form              Tmut           21%        N/A       100%        7
 Summon Hydra             Summ           6%         N/A       100%        7
 Dragon's Call            Summ           6%         N/A       100%        9
 Blink                    Tloc           Unusable   N/A       N/A         2

Dungeon Overview and Level Annotations

Branches:
Dungeon (11/15)            Temple (0/1) D:6            Lair (0/5) D:9
    Orc: D:9-12

Altars:
Ashenzari
Cheibriados
Okawaru
Vehumet
Lugonu

Shops:
D:7 *

Portals:
Abyss: D:6

Annotations:
D:5 2 runed translucent doors


Innate Abilities, Weirdness & Mutations

You cannot be hasted, slowed, berserked, paralysed or teleported.
You can dig through walls and to a lower floor.
You have a pair of large antennae on your head. (SInv)
Your four strong arms can wield two-handed weapons with a shield.


Message History

Press: ? - help, Q - select action, (/) - cycle Shift-Dir - straight line, f - centaur
Aim: a centaur, wielding a +0 shortbow (moderately wounded, 91% to hit)
The blast of sand hits the centaur!!
You kill the centaur!
Cheibriados thoroughly appreciates the change of pace.
The centaur shoots an arrow.
The arrow barely misses you.
The centaur shoots an arrow.
You block the arrow.
Aiming: Sandblast (safe; 1% risk of failure)
Press: ? - help, Q - select action, (/) - cycle Shift-Dir - straight line, f - centaur
Aim: a centaur, wielding a +0 shortbow (91% to hit)
The blast of sand hits the centaur!
The centaur is heavily wounded.
The centaur shoots an arrow.
You block the arrow.
The centaur shoots an arrow.
You block the arrow.
A komodo dragon comes into view.
Aiming: Sandblast (safe; 1% risk of failure)
Press: ? - help, Q - select action, (/) - cycle Shift-Dir - straight line, f/p - centaur
Aim: a centaur, wielding a +0 shortbow (heavily wounded, 91% to hit)
Okay, then.
Casting: Sandblast (safe; 1% risk of failure)
Confirm with . or Enter, or press ? or * to list all spells.
Okay, then.
Unknown command.
Casting: Sandblast (safe; 1% risk of failure)
Confirm with . or Enter, or press ? or * to list all spells.
Aiming: Petrify (dangerous; 2% risk of failure)
Press: ? - help, Shift-Dir - straight line, f - komodo dragon, p - centaur
Aim: a komodo dragon (chance to affect: 60%)
The komodo dragon resists with significant effort.
The centaur shoots an arrow.
The arrow hits you.
* * * LOW HITPOINT WARNING * * *
Unknown command.
Casting: Petrify (dangerous; 2% risk of failure)
Confirm with . or Enter, or press ? or * to list all spells.
Aiming: Petrify (dangerous; 2% risk of failure)
Press: ? - help, Shift-Dir - straight line, f/p - komodo dragon
Aim: a komodo dragon (chance to affect: 60%)
The komodo dragon is moving more slowly.
The komodo dragon bites you!!
You die...

+........
#....... #......
##..... ..... .c.
.
########l#####...
.......)@).......
................
###.....#####+##
#.....# #.....#
#.....# #.....+
#..<..# #.....#


You could see a komodo dragon (petrifying) and a centaur.

Vanquished Creatures
  2 boulder beetles
  Erica (D:8)
  Lodul (D:10)
  Maggie (D:7)
  A komodo dragon (D:9)
  6 trolls
  Prince Ribbit (D:8)
  2 hornets
  A vampire (D:11)
  3 wyverns
  9 yaks (D:9)
  Grum (D:8)
  2 water moccasins
  2 acid dragons (D:10)
  2 sky beasts (D:7)
  An ice beast (D:8)
  4 orc warriors
  5 black bears
  9 centaurs
  9 ogres (D:10)
  4 wolves (D:8)
  3 phantoms
  3 kobold brigands (D:6)
  3 bullfrogs
  A gnoll sergeant (D:8)
  6 scorpions
  7 wights (D:9)
  10 killer bees
  2 howler monkeys
  2 hounds (D:5)
  5 jellies
  3 orc priests
  Crazy Yiuf (D:6)
  7 iguanas
  4 orc wizards
  5 gnolls (D:8)
  9 adders
  A white imp (D:5)
  2 worms
  3 dart slugs
  31 orcs
  14 ball pythons
  8 endoplasms
  4 giant cockroaches (D:1)
  3 goblins
  9 hobgoblins
  5 jackals
  6 quokkas
  8 bats
  A frilled lizard (D:1)
  18 kobolds
  10 rats
261 creatures vanquished.

Vanquished Creatures (others)
  2 plants (D:9)
2 creatures vanquished.

Grand Total: 263 creatures vanquished

Notes
Turn   | Place    | Note
-------+----------+-------------------------------------------
     0 | D:1      | Bnni the Formicid Earth Elementalist began the quest for
                  | the Orb.
     0 | D:1      | Reached XP level 1. HP: 13/13 MP: 3/3
   202 | D:1      | Reached XP level 2. HP: 20/20 MP: 0/5
   286 | D:1      | Reached skill level 4 in Earth Magic
   729 | D:1      | Reached XP level 3. HP: 25/25 MP: 4/6
   730 | D:1      | Reached skill level 1 in Fighting
   771 | D:1      | Learned a level 2 spell: Passwall
   775 | D:1      | Learned a level 3 spell: Stone Arrow
  1410 | D:2      | Identified the +1 leather armour of Fallacy {Fly rElec
                  | rN+++ Int-5}
  1462 | D:2      | Reached XP level 4. HP: 31/32 MP: 0/8
  1668 | D:2      | Found a faded altar of an unknown god.
  1898 | D:2      | Reached XP level 5. HP: 32/38 MP: 1/9
  2324 | D:3      | Reached skill level 5 in Earth Magic
  3241 | D:3      | Learned a level 4 spell: Petrify
  3262 | D:4      | Identified the +2 whip of Midwinter {venom, rPois rF+ rCorr
                  | SInv}
  3480 | D:4      | Reached XP level 6. HP: 12/45 MP: 2/10
  3609 | D:4      | Reached skill level 1 in Conjurations
  3657 | D:4      | Learned a level 2 spell: Sublimation of Blood
  3808 | D:4      | Noticed a black bear
  3813 | D:4      | Killed a black bear
  3814 | D:4      | Reached skill level 6 in Earth Magic
  3814 | D:4      | Reached XP level 7. HP: 32/51 MP: 8/12
  3977 | D:5      | Entered Level 5 of the Dungeon
  4639 | D:5      | Reached skill level 1 in Necromancy
  4639 | D:5      | Reached skill level 7 in Earth Magic
  4639 | D:5      | Reached XP level 8. HP: 51/58 MP: 9/14
  4680 | D:5      | Found a large runed translucent door.
  4680 | D:5      | Found a large runed translucent door.
  4713 | D:5      | Noticed a troll
  4716 | D:5      | Killed a troll
  4737 | D:5      | Identified the ring of Wauntoin {rF+ Str+6}
  4762 | D:5      | Noticed a wyvern
  4768 | D:5      | Found a large runed translucent door.
  4768 | D:5      | Found a large runed translucent door.
  4789 | D:5      | Reached skill level 8 in Earth Magic
  5021 | D:5      | Found a snail-covered altar of Cheibriados.
  5026 | D:5      | Became a worshipper of Cheibriados the Contemplative
  5328 | D:5      | Reached XP level 9. HP: 66/66 MP: 11/16
  5395 | D:5      | Reached skill level 5 in Spellcasting
  5395 | D:5      | Reached skill level 1 in Invocations
  5431 | D:5      | Noticed a troll
  5434 | D:5      | Killed a troll
  5542 | D:5      | Reached skill level 5 in Fighting
  5542 | D:5      | Reached skill level 9 in Earth Magic
  5634 | D:6      | Reached * piety under Cheibriados
  5734 | D:6      | Found a staircase to the Ecumenical Temple.
  5876 | D:6      | Identified the +6 whip of the Boiling Point {elec, *Slow
                  | rElec Int+2 SInv}
  6061 | D:6      | Found a one-way gate to the infinite horrors of the Abyss.
  6147 | D:6      | Found a large runed translucent door.
  6148 | D:6      | Found a large runed translucent door.
  6155 | D:6      | Found a corrupted altar of Lugonu.
  6174 | D:6      | Reached skill level 10 in Earth Magic
  6174 | D:6      | Reached XP level 10. HP: 75/75 MP: 9/18
  6288 | D:6      | Found a runed translucent door.
  6289 | D:6      | Noticed Crazy Yiuf
  6293 | D:6      | Killed Crazy Yiuf
  6630 | D:7      | Found a radiant altar of Vehumet.
  6676 | D:7      | Reached ** piety under Cheibriados
  6905 | D:7      | Noticed Maggie
  6916 | D:7      | Killed Maggie
  7229 | D:7      | Found Esoffimoi's Lightly-Used Armoury.
  7532 | D:8      | Noticed Grum
  7537 | D:8      | Reached skill level 1 in Shields
  7537 | D:8      | Reached skill level 11 in Earth Magic
  7539 | D:8      | Reached skill level 5 in Necromancy
  7542 | D:8      | Killed Grum
  7665 | D:8      | Noticed Prince Ribbit
  7669 | D:8      | Killed Prince Ribbit
  7670 | D:8      | Reached skill level 5 in Invocations
  7896 | D:8      | Noticed a boulder beetle
  7912 | D:8      | Killed a boulder beetle
  8075 | D:8      | Noticed Erica
  8093 | D:8      | Killed Erica
  8094 | D:8      | Reached XP level 11. HP: 67/83 MP: 14/21
  8462 | D:9      | Found an iron altar of Okawaru.
  8662 | D:9      | Reached *** piety under Cheibriados
  8701 | D:9      | Reached skill level 12 in Earth Magic
  8762 | D:9      | Found a staircase to the Lair.
  8858 | D:9      | Found a broken altar of Ashenzari.
  9100 | D:9      | Reached skill level 5 in Transmutations
  9262 | D:10     | Entered Level 10 of the Dungeon
  9310 | D:10     | Reached **** piety under Cheibriados
  9407 | D:10     | Identified the +11 flail of Resourcefulness {freeze, rElec
                  | rPois}
  9505 | D:10     | Reached skill level 1 in Armour
  9541 | D:10     | Noticed Lodul
  9551 | D:10     | Reached skill level 5 in Shields
  9598 | D:10     | Killed Lodul
  9601 | D:10     | Reached XP level 12. HP: 75/92 MP: 10/23
  9723 | D:10     | Reached skill level 13 in Earth Magic
  9962 | D:11     | Noticed a boulder beetle
  9989 | D:11     | Killed a boulder beetle
 10109 | D:11     | Learned a level 5 spell: Irradiate
 10221 | D:11     | Reached ***** piety under Cheibriados
 10225 | D:11     | Slain by a komodo dragon

Illustrated notes

Levels and vault maps discovered:
D:1:      ncdulo_wetmaze, layout_basic, skrybe_limestone_x
D:2:      layout_basic, nicolae_ecumenical_snake_handling
D:3:      layout_basic
D:4:      layout_gridville, st_stairs_7
D:5:      layout_basic, mainiacjoe_overflow_alcove_1,
          minmay_hollow_rounded_squares
D:6:      due_chaos_kobolds, layout_loops_ring, minmay_temple_entry_sparse_star,
          uniq_crazy_yiuf_cottage
D:7:      layout_basic, nicolae_vehumet_radiance, abandoned_shop,
          minmay_strange_pillars, chequers_serial_rivers_micro_d,
          minmay_misc_feat_hallway, minmay_shop_damaged, uniq_maggie
D:8:      layout_loops_corners, hangedman_decor_push, uniq_erica, uniq_grum,
          uniq_prince_ribbit1
D:9:      layout_basic, okawaru_ov_weapons_minmay, amcnicky_altar_gilded,
          david_lair_shrubbed
D:10:     layout_roguey, uniq_lodul
D:11:     layout_irregular_city, orc_david_3, ebering_ghost_inner_flame,
          minmay_shop_enchanted_jewellery, uniq_nergalle

Skill      XL: |  1  2  3  4  5  6  7  8  9 10 11 12 |
---------------+-------------------------------------+-----
Earth Magic    | 4 5 6 7 8 10 11 12 13 | 13.3
Fighting       | 1 2 3 4 5 6 7 8 |  8.2
Transmutations | 2 3 4 5 |  5.0
Spellcasting   | 3 4 5 6 7 8 |  8.0
Conjurations   | 1 2 3 |  3.0
Necromancy     | 1 2 4 5 |  5.0
Invocations    | 3 5 6 7 |  7.2
Shields        | 3 5 |  5.8
Armour         | 1 2 |  2.8
Dodging        | |  1.7
Stealth        | |  2.4

Action                     |  1- 3 |  4- 6 |  7- 9 | 10-12 || total
---------------------------+-------+-------+-------+-------++-------
  Melee: Unarmed           |    16 |       |       |       ||    16
         Short sword       |     9 |       |       |       ||     9
         Quarterstaff      |       |    18 |       |       ||    18
         Whip              |       |     1 |     5 |     5 ||    11
  Throw: Dart              |       |       |       |     8 ||     8
   Cast: Sandblast         |    48 |    84 |   127 |   250 ||   509
         Stone Arrow       |       |       |       |     5 ||     5
         Petrify           |       |       |       |     4 ||     4
Ability: Dig               |       |       |       |     3 ||     3
    Use: Scroll            |       |     8 |     4 |     3 ||    15
         Potion            |       |       |     1 |       ||     1
   Stab: Sleeping          |     1 |       |     2 |       ||     3
 Armour: Robe              |     3 |       |       |       ||     3
         Leather armour    |     2 |    26 |    30 |    34 ||    92
  Dodge: Dodged            |    35 |    40 |    57 |    83 ||   215
  Block: Kite shield       |       |       |       |    77 ||    77

Table legend: (Time is in decaauts)
 A = Elapsed time spent in this place.
 B = Non-inter-level travel time spent in this place.
 C = Inter-level travel time spent in this place.
 D = Time resting spent in this place.
 E = Time spent auto-exploring this place.
 F = Levels seen in this place.
 G = Mean time per level.
                   A        B        C        D        E       F      G
               +--------+--------+--------+--------+--------+-----+--------+
         Total |  12103 |  11585 |    518 |    531 |   9240 |  11 | 1100.3 |
       Dungeon |  12103 |  11585 |    518 |    531 |   9240 |  11 | 1100.3 |
               +--------+--------+--------+--------+--------+-----+--------+

Top non-repeatable levels by time:
     D:5: 1785 daAuts
     D:8: 1567 daAuts
     D:6: 1292 daAuts
     D:1: 1284 daAuts
     D:9: 1138 daAuts
     D:3: 1038 daAuts
     D:2: 981 daAuts
    D:10: 975 daAuts
     D:7: 942 daAuts
     D:4: 748 daAuts
    D:11: 348 daAuts
